 Dungeon Crawl Stone Soup version 0.21-a0-274-gc1afaeb (webtiles) character file.

1855 nikopol the Thaumaturge (level 8, -6/43 HPs)
             Began as a Deep Elf Fire Elementalist on Sept 18, 2017.
             Killed from afar by Dowan (18 damage)
             ... with a shard of ice
             ... on level 6 of the Dungeon.
             The game lasted 00:22:40 (5987 turns).

nikopol the Thaumaturge (DEFE)                      Turns: 5987, Time: 00:22:41

Health: -6/43      AC:  4    Str:  5    XL:     8   Next: 89%
Magic:  7/22       EV: 14    Int: 23    God:
Gold:   232        SH:  0    Dex: 15    Spells: 13/24 levels left

rFire    . . .     SeeInvis .   y - +5 dagger (holy)
rCold    + . .     Gourm    .   (no shield)
rNeg     . . .     Faith    .   a - +0 robe
rPois    .         Spirit   .   (no helmet)
rElec    .         Reflect  .   D - +0 cloak
rCorr    .         Harm     .   C - +0 pair of gloves
MR       .....                  (no boots)
Stlth    +++.......             j - amulet of magic regeneration
HPRegen  0.14/turn              e - ring of protection from cold
MPRegen  0.43/turn              (no ring)

@: no status effects
A: no striking features
a: no special abilities


You were on level 6 of the Dungeon.
You were very hungry.

You visited 1 branch of the dungeon, and saw 6 of its levels.

You collected 292 gold pieces.
You spent 60 gold pieces at shops.

Inventory:

Hand Weapons
 f - a +0 dagger of holy wrath
 y - a +5 dagger of holy wrath (weapon)
 J - a +2 dagger of venom
Armour
 a - a +0 robe (worn)
 i - a scarf of resistance
 C - a +0 pair of gloves (worn)
 D - a +0 cloak (worn)
Jewellery
 e - a ring of protection from cold (left hand)
 j - an amulet of magic regeneration (around neck)
 n - a +3 amulet of reflection {unknown}
 F - a +3 ring of strength {unknown}
Scrolls
 h - 2 scrolls of enchant weapon
 k - 3 scrolls of brand weapon {unknown}
 l - a scroll of remove curse
 r - 2 scrolls of teleportation {unknown}
 s - 5 scrolls of amnesia {unknown}
 v - a scroll of enchant armour {unknown}
 E - a scroll of fog {unknown}
 K - a scroll of immolation {unknown}
 L - a scroll of identify {unknown}
Potions
 d - 3 potions of resistance {unknown}
 o - 3 potions of lignification {unknown}
 p - 2 potions of might {unknown}
 q - a potion of haste {unknown}
 u - 2 potions of heal wounds
 w - a potion of brilliance {unknown}
 z - 3 potions of invisibility {unknown}
 B - a potion of agility {unknown}
 H - a potion of berserk rage {unknown}
 I - a potion of curing {unknown}
Books
 b - a book of Flames

   Spells                             Type                      Level
   a - Flame Tongue                   Conjuration/Fire             1
   b - Throw Flame                    Conjuration/Fire             2
   c - Conjure Flame                  Conjuration/Fire             3
   d - Inner Flame                    Hexes/Fire                   3
   e - Sticky Flame                   Conjuration/Fire             4
   f - Fireball                       Conjuration/Fire             5
Comestibles
 c - 5 bread rations
 t - 2 fruits
 x - 2 royal jellies
 A - a meat ration


   Skills:
 + Level 1.0 Fighting
 + Level 4.2 Dodging
 + Level 4.3 Stealth
 + Level 8.5 Spellcasting
 + Level 6.5 Conjurations
 + Level 7.8 Fire Magic


You had 13 spell levels left.
You knew the following spells:

 Your Spells              Type           Power        Failure   Level  Hunger
a - Flame Tongue          Conj/Fire      #####        1%          1    None
b - Throw Flame           Conj/Fire      #####.       1%          2    None
c - Conjure Flame         Conj/Fire      #####...     1%          3    None
d - Fireball              Conj/Fire      #####.....   10%         5    #####..


Dungeon Overview and Level Annotations

Branches:
Dungeon (6/15)             Temple (0/1) D:6

Altars:
Ashenzari
Cheibriados
Elyvilon
Makhleb
Qazlal
Ru
Trog
Wu Jian
Yredelemnul

Shops:
D:6 *

Annotations:
D:6 Dowan


Message History

Dowan mumbles some strange words.
Dowan blinks!
Dowan gestures at you while chanting. The shard of ice hits you!
You partially resist. Dowan hits you but does no damage.
You miss Dowan.
Dowan is almost dead.
Dowan hits you with a dagger.
* * * LOW HITPOINT WARNING * * *
Dowan completely misses you.
You barely miss Dowan.
Dowan is almost dead.
Dowan hits you but does no damage.
You hit Dowan.
Dowan is almost dead.
Dowan gestures wildly while chanting.
Dowan blinks!
Dowan casts a spell at you. The shard of ice hits you! You partially resist.
You die...

*≈≈≈*****≈≈≈*#.#......####......
*≈≈≈*,,,*≈≈≈*#.#.#.#..# ####...
*≈≈≈*,>,*≈≈≈*#.......## ##.#
*≈≈≈*,,,*≈≈≈*##).#.#.# #.#
*≈≈≈**,**≈≈≈###......# #.#
*≈≈≈≈*,*≈≈≈≈#...>...## #..
*≈≈≈≈*,*≈≈≈≈###.##### #.#
*≈≈≈≈*,*≈≈≈≈* #.# *,,
******,****** #@# *,*
*,*#######.##############..
*,,........e..o.Z...oZ....#
***#####################... *,,*
*,,, ****


You could see Dowan.

Vanquished Creatures
  The ghost of p0werm0de the Skirmisher, a novice DsFE of Cheibriados (D:6)
  A water moccasin (D:4)
  Duvessa (D:6)
  An orc warrior (D:6)
  A centaur (D:6)
  2 ogres (D:4)
  An ice beast (D:5)
  A bullfrog (D:6)
  A scorpion (D:5)
  2 howler monkeys (D:6)
  2 hounds
  3 orc priests
  A jelly (D:5)
  Crazy Yiuf (D:4)
  6 orc wizards
  A worker ant (D:5)
  A hound zombie (D:6)
  A hound skeleton (D:6)
  7 adders
  An adder skeleton (D:4)
  3 worms
  5 dart slugs
  5 leopard geckos
  17 orcs
  6 bats
  3 giant cockroaches
  4 goblins
  4 hobgoblins
  7 jackals
  3 kobolds (D:1)
  A ball python (D:3)
  A ball python skeleton (D:2)
  3 frilled lizards
  2 leopard gecko skeletons
  7 rats
107 creatures vanquished.

Notes
Turn   | Place    | Note
-------+----------+-------------------------------------------
     0 | D:1      | nikopol the Deep Elf Fire Elementalist began the quest for the Orb.
     0 | D:1      | Reached XP level 1. HP: 10/10 MP: 6/6
   278 | D:1      | Reached XP level 2. HP: 15/15 MP: 4/8
   901 | D:2      | Reached XP level 3. HP: 19/19 MP: 8/10
   971 | D:2      | Found a white marble altar of Elyvilon.
  1518 | D:3      | Learned a level 2 spell: Throw Flame
  1522 | D:3      | Learned a level 3 spell: Conjure Flame
  1859 | D:3      | Found a burning altar of Makhleb.
  1924 | D:3      | Reached skill level 4 in Spellcasting
  2102 | D:3      | Reached XP level 4. HP: 24/24 MP: 10/12
  2624 | D:4      | Noticed an ogre
  2690 | D:4      | Killed an ogre
  2690 | D:4      | Reached skill level 5 in Fire Magic
  2690 | D:4      | Reached XP level 5. HP: 28/28 MP: 5/13
  2697 | D:4      | Learned a level 5 spell: Fireball
  2997 | D:4      | Noticed an ogre
  3009 | D:4      | Killed an ogre
  3009 | D:4      | Reached skill level 5 in Spellcasting
  3009 | D:4      | Reached XP level 6. HP: 32/32 MP: 3/15
  3252 | D:4      | Found a snail-covered altar of Cheibriados.
  3294 | D:4      | Found an ornate altar of the Wu Jian Council.
  3373 | D:4      | Found a runed door.
  3377 | D:4      | Noticed Crazy Yiuf
  3384 | D:4      | Killed Crazy Yiuf
  3477 | D:5      | Entered Level 5 of the Dungeon
  3477 | D:5      | Noticed a water moccasin
  3506 | D:4      | Killed a water moccasin
  3506 | D:4      | Reached XP level 7. HP: 4/37 MP: 7/17
  3875 | D:5      | Reached skill level 6 in Spellcasting
  4156 | D:5      | Reached skill level 1 in Fighting
  4961 | D:6      | Reached skill level 7 in Spellcasting
  4961 | D:6      | Reached skill level 5 in Conjurations
  4961 | D:6      | Reached XP level 8. HP: 6/43 MP: 11/20
  5217 | D:6      | Found Deilawi's General Store.
  5248 | D:6      | Noticed p0werm0de's ghost (novice DsFE)
  5271 | D:6      | Killed p0werm0de's ghost
  5271 | D:6      | Reached skill level 8 in Spellcasting
  5308 | D:6      | HP: 1/43 [bullfrog (2)]
  5778 | D:6      | Bought a potion of heal wounds for 60 gold pieces
  5795 | D:6      | Found a sacrificial altar of Ru.
  5795 | D:6      | Found a stormy altar of Qazlal.
  5795 | D:6      | Found a white marble altar of Elyvilon.
  5804 | D:6      | Found a shattered altar of Ashenzari.
  5804 | D:6      | Found a basalt altar of Yredelemnul.
  5805 | D:6      | Found a bloodstained altar of Trog.
  5956 | D:6      | Noticed Duvessa
  5957 | D:6      | Noticed Dowan
  5966 | D:6      | Killed Duvessa
  5987 | D:6      | Killed from afar by Dowan

Vault maps used:
D:1:      minmay_arrival_checkered_box
D:2:      serial_bayou_pond_c, elyvilon_altar_4
D:3:      kennysheep_six_static_rooms, lightli_temple_of_fire
D:4:      kennysheep_little_box, kennysheep_slug_shrine, uniq_crazy_yiuf_cottage
D:5:      first_bread, serial_park_tiny_1
D:6:      grunt_temple_overflow_open, minmay_temple_entry_poolview,
          serial_glass, glass_columns_a, glass_columns_a, glass_columns_b,
          glass_columns_b, glass_columns_a, glass_columns_a, glass_columns_b,
          glass_columns_a, gup_sewer_entry_bubbles, serial_shops, shop,
          abandoned_shop, uniq_edmund, uniq_duvessa, uniq_prince_ribbit1

Skill      XL: |  1  2  3  4  5  6  7  8 |
---------------+-------------------------+-----
Fire Magic     | 4 5 6 7 |  7.8
Spellcasting   | 4 5 7 8 |  8.5
Conjurations   | 2 3 4 5 6 |  6.5
Dodging        | 3 4 |  4.2
Stealth        | 3 4 |  4.3
Fighting       | 1 |  1.0

Action                   |  1- 3 |  4- 6 |  7- 9 || total
-------------------------+-------+-------+-------++-------
Melee: Dagger            |       |     1 |    26 ||    27
 Cast: Flame Tongue      |    74 |    49 |   103 ||   226
       Throw Flame       |       |    23 |    25 ||    48
       Conjure Flame     |       |     3 |     4 ||     7
       Fireball          |       |       |     3 ||     3
  Use: Scroll            |       |       |     5 ||     5
  Eat: Chunk             |     3 |     5 |     6 ||    14
       Fruit             |       |       |     1 ||     1
Armor: Robe              |     3 |     8 |    14 ||    25
Dodge: Dodged            |    17 |    17 |    45 ||    79

Table legend:
 A = Spawn XP
 B = Non-spawn XP
 C = Spawn XP percentage of total XP
 D = Spawn monster count
 E = Non-spawn monster count
 F = Spawn count percentage of total count
 G = Total turns spent on level
                    A         B        C        D         E        F      G
               +---------+---------+-------+---------+---------+-------+---------
         Total |       0 |    2650 |   0.0 |       0 |     107 |   0.0 |  5987
               +---------+---------+-------+---------+---------+-------+---------
           D:1 |       0 |      22 |   0.0 |       0 |      11 |   0.0 |   669
           D:2 |       0 |      29 |   0.0 |       0 |      13 |   0.0 |   629
           D:3 |       0 |      92 |   0.0 |       0 |      16 |   0.0 |  1375
           D:4 |       0 |     639 |   0.0 |       0 |      17 |   0.0 |  1185
           D:5 |       0 |     562 |   0.0 |       0 |      30 |   0.0 |  1363
           D:6 |       0 |    1306 |   0.0 |       0 |      20 |   0.0 |   766
               +---------+---------+-------+---------+---------+-------+---------
